 Dungeon Crawl Stone Soup version 0.32-a0-290-g598725c5f2 (webtiles) character file.

Game seed: 8677442949231229142

3 zenocrate the Sneak (level 1, -1/16 HPs)
             Began as an Octopode Delver on Feb 14, 2024.
             Succumbed to an orc's poison
             ... on level 5 of the Dungeon.
             The game lasted 00:00:46 (36 turns).

zenocrate the Sneak (Octopode Delver)                 Turns: 36, Time: 00:00:47

Health: -1/16      AC:  1    Str: 11    XL:     1   Next: 50%
Magic:  1/1        EV: 13    Int: 12    God:
Gold:   0          SH:  0    Dex: 13    Spells: 0/0 levels left

rFire   . . .        a - +0 short sword
rCold   . . .        (no shield)
rNeg    . . .        (helmet restricted)
rPois   .            (no amulet)
rElec   .            (no ring)
rCorr   .            (no ring)
SInv    .            (no ring)
Will    .....        (no ring)
Stlth   ++++         (no ring)
HPRegen 0.22/turn    (no ring)
MPRegen 0.07/turn    (no ring)
                     (no ring)

%: no passive effects
@: lethally poisoned (-1 -> -27), hasted, very quick
A: almost no armour, amphibious, 8 rings, camouflage 1, gelatinous body 1,
(nimble swimmer 1), tentacles
a: Convert to Beogh


You were on level 5 of the Dungeon.
You visited 1 branch of the dungeon, and saw 1 of its levels.

Inventory:

Hand Weapons
 a - a +0 short sword (weapon)
Wands
 f - a wand of digging (3)
Scrolls
 c - a scroll of revelation


   Skills:
 - Level 3.0 Fighting
 + Level 2.1 Short Blades
 + Level 2.1 Dodging
 + Level 6.6 Stealth


You couldn't memorise any spells.
You didn't know any spells.
Your spell library was empty.

Dungeon Overview and Level Annotations

Branches:
Dungeon (5/15)
 Temple: D:4-7

Altars:

Shops:
D:5 [


Innate Abilities, Weirdness & Mutations

You cannot wear most types of armour.
You are amphibious.
You can wear up to eight rings at the same time.
Your skin changes colour to match your surroundings (Stealth+).
Your rubbery body absorbs attacks. (AC +1, EV +1)
((You are camouflaged when in or above water. (Stealth+)))
You have tentacles for arms and can constrict up to eight enemies at once.


Message History

Found a stone staircase leading down.
No target in view!
A black bear comes into view.
Found Bacriub's Armour Shoppe.
The black bear growls angrily.
You hear a shout! x2
An orc comes into view. It is wielding a +0 flail.
There are monsters nearby!
An orc comes into view. It is wielding a +1 hand axe of venom.
An orc priest comes into view. It is wielding a +0 hand axe.
The black bear bites you but does no damage.
The black bear claws you. The black bear closely misses you.
As you read the scroll of fear, it crumbles to dust.
You assume a fearsome visage.
The black bear looks frightened!
Unknown command.
An orc comes into view. It is wielding a +0 falchion.
A dart slug comes into view.
The helpless dart slug fails to defend itself.
You puncture the dart slug!
You kill the dart slug!
Unknown command.
An orc priest comes into view. It is wielding a +0 hand axe.
The orc closely misses you.
You closely miss the orc.
The orc shouts!
The orc priest shouts!
Your grab misses the orc.
An orc comes into view. It is wielding a +0 dagger.
The orc hits you with a +1 hand axe of venom.
You are poisoned.
Unknown command.
You feel yourself speed up.
You feel very sick. The orc hits you with a +0 flail.
An orc comes into view. It is wielding a +0 whip.
The orc hits you with a +1 hand axe of venom!
* * * LOW HITPOINT WARNING * * *
You are more poisoned.
The orc priest shouts, "Surrender to Beogh and we'll let you live!" (press Y on the ability menu to convert to Beogh)
As you read the scroll of fog, it dissolves into smoke.
You die...

.. .........o...#
.#.. ..............
.#.. ..#...o......
.... #.##.....∩....
....##.##.........
#......###.......#
..............§§§###
......#....o...§@§§##
......o..>....#oo§..#
.........o.....#.§.##
.........#.#...#####
.#....o.##.....#
.##....##.....##
........##.##.#
.........#..###
......#>....#


You could see an orc priest and 5 orcs.

Vanquished Creatures
  A dart slug (D:5)
1 creature vanquished.

Notes
Turn   | Place    | Note
-------+----------+-------------------------------------------
     0 | D:5      | zenocrate the Octopode Delver began the quest for the Orb.
     0 | D:5      | Reached XP level 1. HP: 16/16 MP: 1/1
    10 | D:5      | Found Bacriub's Armour Shoppe.
    10 | D:5      | Noticed a black bear
    13 | D:5      | Noticed an orc priest
    33 | D:5      | Noticed an orc priest
    36 | D:5      | Succumbed to an orc's poison

Illustrated notes

Levels and vault maps discovered:
D:5:      layout_cave_pools, nzn_hepliaklqana_mist_gate, minitemple,
          serial_shops, shop

Action                     || total
---------------------------++-------
  Melee: Short sword       ||     2
    Use: Scroll            ||     2
         Potion            ||     1
   Stab: Sleeping          ||     1
 Armour: Skin              ||     5
  Dodge: Dodged            ||     2

Table legend: (Time is in decaauts)
 A = Elapsed time spent in this place.
 B = Non-inter-level travel time spent in this place.
 C = Inter-level travel time spent in this place.
 D = Time resting spent in this place.
 E = Time spent auto-exploring this place.
 F = Levels seen in this place.
 G = Mean time per level.
                   A        B        C        D        E       F      G
               +--------+--------+--------+--------+--------+-----+--------+
         Total |     35 |     35 |      0 |      0 |      9 |   1 |   35.0 |
       Dungeon |     35 |     35 |      0 |      0 |      9 |   1 |   35.0 |
               +--------+--------+--------+--------+--------+-----+--------+

Top non-repeatable levels by time:
     D:5: 35 daAuts
